 Dungeon Crawl Stone Soup version 0.24.0-13-gcf9b3192b9 (webtiles) character file.

Game seed: 15442473647713436609, levelgen mode: deterministic

1055978 Caminho the Warrior (level 14, 133/133 HPs)
             Began as a Minotaur Fighter on Nov 8, 2019.
             Was an Elder of Okawaru.
             Escaped with the Orb
             ... and 3 runes on Nov 9, 2019!
             The game lasted 05:12:15 (82272 turns).

Caminho the Warrior (Minotaur Fighter)             Turns: 82272, Time: 05:12:16

Health: 133/133    AC: 38    Str: 27    XL:     14   Next: 82%
Magic:  19/19      EV:  5    Int:  5    God:    Okawaru [****..]
Gold:   372        SH: 20    Dex: 13    Spells: 3/13 levels left

rFire    + . .     SeeInvis +   a - +9 demon whip (freeze) {god gift}
rCold    + + +     Gourm    .   p - +1 large shield {AC+3}
rNeg     . . .     Faith    .   E - +4 gold dragon scales
rPois    +         Spirit   .   L - +2 hat {SInv} {god gift}
rElec    +         Reflect  .   C - scarf {rC+ rF+}
rCorr    .         Harm     .   h - +3 pair of gauntlets of War {god gift, Slay+5}
MR       ++...     NoTele   +   X - +2 pair of boots {run} {god gift}
Stlth    ..........             d - amulet of the King {Acrobat -Tele Str+4 Stlth+}
HPRegen  0.32/turn              y - +5 ring of slaying
MPRegen  0.16/turn              j - ring of the Sky {Ice +Fly rElec MR+}

@: hasted (expiring), very quick
A: retaliatory headbutt, reduced essence, horns 2, rugged brown scales 1, clumsy
1, strong 1
0: Orb of Zot
}: 3/15 runes: decaying, serpentine, silver
a: Heroism, Renounce Religion, Evoke Flight


You escaped.
You worshipped Okawaru.
Okawaru was greatly pleased with you.
You were not hungry.

You visited 9 branches of the dungeon, and saw 47 of its levels.
You also visited: Gauntlet and Ice Cave.

You collected 5736 gold pieces.
You spent 5364 gold pieces at shops.

Inventory:

Hand Weapons
 a - a +9 demon whip of freezing (weapon) {god gift}
 b - the +12 flail of the Magi {holy, +Inv rN+ SInv Stlth+}
   (You found it on level 5 of the Vaults)

   It has been blessed by the Shining One to cause great damage to the undead
   and demons.
   It protects you from negative energy.
   It lets you see invisible.
   It lets you turn invisible.
   It makes you more stealthy.
Missiles
 F - 19 curare-tipped darts
 Z - a throwing net (quivered) {!f}
Armour
 g - the +7 ring mail of Okawaru's Fury {god gift, rElec Str-3 Slay+5}
   (Okawaru gifted it to you on level 5 of the Realm of Zot)

   It affects your strength (-3).
   It affects your accuracy and damage with ranged weapons and melee attacks
   (+5).
   It insulates you from electricity.
 h - the +3 pair of gauntlets of War (worn) {god gift, Slay+5}
   (Okawaru gifted it to you on level 10 of the Dungeon)

   It affects your accuracy and damage with ranged weapons and melee attacks
   (+5).
 p - a +1 large shield of protection (worn)
 C - a scarf of resistance (worn)
 E - +4 gold dragon scales (worn)
 L - a +2 hat of see invisible (worn) {god gift}
 X - a +2 pair of boots of running (worn) {god gift}
Jewellery
 d - the amulet of the King (around neck) {Acrobat -Tele Str+4 Stlth+}
   (You found it on level 5 of the Vaults)

   [amulet of the acrobat]

   It helps you evade while moving and waiting.
   It affects your strength (+4).
   It prevents most forms of teleportation.
   It makes you more stealthy.
 f - an uncursed ring of protection from fire
 i - the amulet "Wiocyech" {Spirit MR+}
   (You found it on level 11 of the Dungeon)

   [amulet of guardian spirit]

   It causes incoming damage to be split between your health and magic.
   It affects your resistance to hostile enchantments.
 j - the ring of the Sky (right hand) {Ice +Fly rElec MR+}
   (You took it off a minotaur in a Gauntlet)

   [ring of ice]

   It enhances your ice magic.
   It makes you vulnerable to fire.
   It protects you from cold.
   It insulates you from electricity.
   It affects your resistance to hostile enchantments.
   It lets you fly.
 m - an uncursed ring of protection from magic
 u - the amulet "Qege Rec" {+Rage Int+4}
   (You found it in a Gauntlet)

   [amulet of rage]

   It affects your intelligence (+4).
   It lets you go berserk.
 y - a +5 ring of slaying (left hand)
Wands
 o - a wand of polymorph (17)
 A - a wand of acid (12)
 D - a wand of digging (9)
 O - a wand of clouds (2)
 P - a wand of paralysis (2)
 S - a wand of scattershot (9)
Scrolls
 k - a scroll of fear
 x - 3 scrolls of holy word
 B - a scroll of blinking {!r@r4}
 K - 3 scrolls of vulnerability
 M - 7 scrolls of immolation
 R - 3 scrolls of identify {@r1}
 T - 6 scrolls of teleportation {@r3}
 W - 22 scrolls of remove curse {@r2}
Potions
 c - a potion of cancellation
 e - 8 potions of lignification
 l - a potion of flight
 n - 6 potions of heal wounds {@q2}
 q - 2 potions of might {@q4}
 t - 7 potions of mutation
 w - 4 potions of brilliance
 G - a potion of ambrosia
 H - a potion of haste {@q3}
 J - 2 potions of resistance {@q6}
 Q - 3 potions of curing {@q1}
 V - 2 potions of agility {@q5}
Miscellaneous
 U - a phial of floods
 Y - a lamp of fire (inert)
Comestibles
 z - 51 rations


   Skills:
 + Level 18.4 Fighting
 - Level 12.0 Maces & Flails
 - Level 14.7 Armour
 - Level 3.5 Dodging
 - Level 10.5 Shields
 - Level 8.0 Invocations
 - Level 6.6 Evocations


You had 3 spell levels left.
You knew the following spells:

 Your Spells              Type           Power        Failure   Level  Hunger
a - Confusing Touch       Hex            #.....       100%        1    ##.....
b - Swiftness             Chrm/Air       #.......     100%        2    ###....
c - Animate Skeleton      Necr           N/A          100%        1    ##.....
d - Passwall              Tmut/Erth      #.......     100%        2    ###....
e - Blink                 Tloc           N/A          100%        2    ###....
g - Apportation           Tloc           #.....       100%        1    ##.....
B - Summon Butterflies    Summ           #.......     100%        1    ##.....

Your spell library contained the following spells:

 Spells                   Type           Power        Failure   Level  Hunger
 Corona                   Hex            #......      100%        1    ##.....
 Infusion                 Chrm           #...         100%        1    ##.....
 Magic Dart               Conj           #...         100%        1    ##.....
 Pain                     Necr           #...         100%        1    ##.....
 Shock                    Conj/Air       #...         100%        1    ##.....
 Summon Small Mammal      Summ           #...         100%        1    ##.....
 Call Imp                 Summ           #.......     100%        2    ###....
 Corpse Rot               Necr           N/A          100%        2    ###....
 Ensorcelled Hibernation  Hex/Ice        #.....       100%        2    ###....
 Poisonous Vapours        Pois/Air       #.....       100%        2    ###....
 Shroud of Golubria       Chrm/Tloc      #.....       100%        2    ###....
 Slow                     Hex            #.......     100%        2    ###....
 Song of Slaying          Chrm           #.......     100%        2    ###....
 Sublimation of Blood     Necr           #.........   100%        2    ###....
 Confuse                  Hex            #.......     100%        3    ####...
 Conjure Flame            Conj/Fire      #.......     100%        3    ####...
 Dazzling Spray           Conj/Hex       #.....       100%        3    ####...
 Gell's Gravitas          Tloc           #.........   100%        3    ####...
 Ignite Poison            Fire/Tmut/Pois #.......     100%        3    ####...
 Lesser Beckoning         Tloc           #.........   100%        3    ####...
 Mephitic Cloud           Conj/Pois/Air  #.......     100%        3    ####...
 Ozocubu's Armour         Chrm/Ice       #.......     100%        3    ####...
 Recall                   Summ/Tloc      N/A          100%        3    ####...
 Regeneration             Chrm/Necr      #.........   100%        3    ####...
 Spectral Weapon          Hex/Chrm       #.......     100%        3    ####...
 Static Discharge         Conj/Air       #.......     100%        3    ####...
 Stone Arrow              Conj/Erth      #.....       100%        3    ####...
 Tukima's Dance           Hex            #.......     100%        3    ####...
 Vampiric Draining        Necr           #.........   100%        3    ####...
 Airstrike                Air            #.........   100%        4    #####..
 Animate Dead             Necr           N/A          100%        4    #####..
 Cause Fear               Hex            #.........   100%        4    #####..
 Leda's Liquefaction      Hex/Erth       #.........   100%        4    #####..
 Petrify                  Tmut/Erth      #.......     100%        4    #####..
 Summon Ice Beast         Ice/Summ       #.......     100%        4    #####..
 Summon Lightning Spire   Summ/Air       #.......     100%        4    #####..
 Throw Icicle             Conj/Ice       #.......     100%        4    #####..
 Agony                    Necr           #.......     100%        5    ######.
 Alistair's Intoxication  Tmut/Pois      #.......     100%        5    ######.
 Aura of Abjuration       Summ           #.........   100%        5    ######.
 Bolt of Draining         Conj/Necr      #.........   100%        5    ######.
 Borgnjor's Vile Clutch   Necr/Erth      #.........   100%        5    ######.
 Dispel Undead            Necr           #.......     100%        5    ######.
 Excruciating Wounds      Chrm/Necr      #.........   100%        5    ######.
 Fireball                 Conj/Fire      #.........   100%        5    ######.
 Lee's Rapid Deconstruct  Erth           #.........   100%        5    ######.
 Lightning Bolt           Conj/Air       #.........   100%        5    ######.
 Metabolic Englaciation   Hex/Ice        #.........   100%        5    ######.
 Silence                  Hex/Air        #.........   100%        5    ######.
 Summon Demon             Summ           #.........   100%        5    ######.
 Summon Forest            Summ/Tloc      #.........   100%        5    ######.
 Summon Mana Viper        Hex/Summ       #.......     100%        5    ######.
 Yara's Violent Unravell  Hex/Tmut       #.........   100%        5    ######.
 Bolt of Cold             Conj/Ice       #.........   100%        6    #######
 Bolt of Fire             Conj/Fire      #.........   100%        6    #######
 Conjure Ball Lightning   Conj/Air       #.........   100%        6    #######
 Darkness                 Hex            #.........   100%        6    #######
 Death Channel            Necr           #.........   100%        6    #######
 Deflect Missiles         Chrm/Air       #.........   100%        6    #######
 Freezing Cloud           Conj/Ice/Air   #.........   100%        6    #######
 Hydra Form               Tmut           #.........   100%        6    #######
 Invisibility             Hex            #.......     100%        6    #######
 Ozocubu's Refrigeration  Ice            #.........   100%        6    #######
 Shadow Creatures         Summ           N/A          100%        6    #######
 Simulacrum               Ice/Necr       #.........   100%        6    #######
 Ring of Flames           Chrm/Fire      #.........   100%        7    #######
 Summon Hydra             Summ           #.........   100%        7    #######
 Discord                  Hex            #.........   100%        8    #######
 Ignition                 Fire           #.........   100%        8    #######
 Tornado                  Air            #.........   100%        9    #######
 Passage of Golubria      Tloc           Unusable     N/A         4    N/A

Dungeon Overview and Level Annotations

Branches:
Dungeon (15/15)            Temple (1/1) D:6            Lair (6/6) D:10
  Swamp (4/4) Lair:4        Snake (4/4) Lair:2        Slime (0/5) Lair:5
    Orc (2/2) D:12            Elf (0/3) Orc:2        Vaults (5/5) D:14
  Crypt (0/3) Vaults:3     Depths (5/5) D:15            Zot (5/5) Depths:5
  IceCv (visited)         Gauntlet (visited)

Altars:
Ashenzari
Dithmenos
Hepliaklqana
Nemelex Xobeh
Okawaru
Qazlal
Trog
Uskayaw
Wu Jian
Xom
Yredelemnul
Zin
Beogh
Jiyva

Shops:
D:7 =   D:10 %   D:15 !   Orc:2 }([*%   Snake:4 (   Vaults:1 (   Vaults:2 (((
Depths:2 }[

Portals:
Hell: Depths:1 Depths:2 Depths:3 Depths:4 Depths:5
Abyss: Depths:3 Depths:4
Pandemonium: Depths:3
Ziggurat: Depths:4
Trove: Depths:1 (give 7 potions of haste)

Annotations:
D:4 3 runed translucent doors, Ratty's ghost, amateur DENe
D:14 Roxanne
Lair:2 exclusion: downstairs
Lair:5 2 transporters, Mumum's ghost, journeyman DrFE
Vaults:2 1 runed translucent door, Lianjan's ghost, adept GnWr
Zot:2 exclusion: upstairs
Zot:4 exclusion: upstairs


Innate Abilities, Weirdness & Mutations

You reflexively headbutt those who attack you in melee.
You have a pair of horns on your head.
Your life essence is reduced to manifest your ancestor. (-10% HP)
You are partially covered in rugged brown scales. (AC +1, +3% HP)
You are clumsy. (Dex -2)
Your muscles are strong. (Str +2)


Message History

You closely miss the neqoxec. You headbutt the neqoxec!
The neqoxec is almost dead.
The neqoxec gestures at you.
Something tries to feed on your intellect!
You thrash the neqoxec!! You freeze the neqoxec.
You kill the neqoxec!
Okawaru accepts your kill.
You feel yourself speed up.
There are no items here.
Unknown command.
(D) Dungeon (T) Temple (L) Lair (S) Swamp (P) Snake Pit (M) Slime Pits (O) Orcish Mines (E) Elven Halls (V) Vaults (C) Crypt (U) Depths (H) Hell (Z) Zot
Where to? (Enter - D:1 @ (x,y), ? - help)
You see here a stone.
HP restored.
Your extra speed is starting to run out.
There is a staircase leading out of the dungeon here.
You have escaped!

########################
#>.................§.≈≈#
#.(...§.§......≈≈≈≈≈§§≈#
#.§...§≈§≈≈≈≈≈≈≈≈§≈§§≈.#
#.≈≈≈≈§§§§≈≈≈≈≈≈≈≈§..§..
#≈§≈≈§§§≈§§≈§§≈≈....§...
#≈≈≈≈§§§....§.§.........
#§≈≈§.§.........≈≈§≈...#
##≈≈...@.....§.≈≈≈≈≈≈≈≈#
####.......≈≈§≈..≈≈≈≈≈#
####≈≈§≈≈≈≈........#
≈≈≈≈≈≈≈≈...........
##########...........
#.....#####..........
#....................
###.##...............
#.##...............


There were no monsters in sight!

Vanquished Creatures
  7 orbs of fire
  A pandemonium lord Boris
  2 Killer Klowns Saint Roka the Lernaean hydra
  A curse toe
  3 caustic shrikes
  9 golden dragons
  A profane servitor the Enchantress
  2 electric golems
  13 tentacled monstrosities
  5 liches
  22 Orb Guardians Asterion
  6 quicksilver dragons
  A quicksilver dragon (shapeshifter)
  6 titans
  5 death cobs
  5 sphinxes
  4 acid blobs Frances Kirke
  7 tengu reavers
  3 shadow dragons
  7 storm dragons
  7 azure jellies
  A thorn hunter
  5 nagarajas
  3 draconian monks Donald
  3 draconian knights
  5 frost giants
  A ghost moth
  9 fire giants
  A deep elf sorcerer
  3 draconian scorchers
  14 vault wardens
  2 orc warlords
  6 draconian shifters
  2 emperor scorpions
  2 iron dragons Aizul
  13 ironheart preservers Louise
  The ghost of tilp the Unseen, an adept SpEn of Gozag
  6 spriggan defenders
  3 draconian annihilators
  3 draconian stormcallers
  17 stone giants
  3 caustic shrike skeletons
  3 vampire knights
  The ghost of Jiecrehi the Severer, a journeyman DDFi of Makhleb
  24 very ugly things
  6 purple draconians
  7 yellow draconians
  2 deep elf demonologists Azrael
  6 green draconians
  A dire elephant
  8 black draconians
  A red draconian
  13 spark wasps
  6 deep elf annihilators
  8 white draconians
  A minotaur
  12 ettins
  8 death oozes
  A deep elf death mage
  9 fire dragons
  2 merfolk javelineers
  14 ogre magi
  2 merfolk impalers
  14 ice dragons
  20 yaktaur captains
  A hell beast
  7 great orbs of eyes
  30 vault guards
  14 naga warriors
  6 spriggan air magi
  4 rakshasas
  A catoblepas
  27 hydras
  2 ghost crabs
  15 centaur warriors
  3 shambling mangroves
  3 death knights
  A dancing weapon
  41 two-headed ogres
  6 anacondas
  3 deep troll shamans
  2 deep troll earth magi
  6 death yaks
  8 alligators
  13 naga sharpshooters
  5 tengu warriors
  11 spriggan berserkers
  3 vampire magi
  3 shock serpents
  6 orc high priests
  A skeletal warrior
  5 deep elf knights
  A salamander mystic
  A death drake (shapeshifter)
  3 hell knights
  3 shadow wraiths
  2 iron trolls
  5 flayed ghosts
  3 glowing orange brains
  9 spriggan druids
  13 swamp dragons
  5 deep trolls
  A death drake
  7 wizards
  A sea snake
  3 deep elf archers
  15 ironbrand convokers
  3 lindwurms
  9 naga ritualists
  3 necromancers
  25 orc knights
  6 mana vipers
  3 phantasmal warriors
  6 wolf spiders
  20 deep elf magi
  12 orc sorcerers
  12 harpies
  61 ugly things
  A wolf spider (shapeshifter)
  4 cyclopes
  14 elephants
  2 manticores
  8 salamanders
  30 naga magi
  A stone giant skeleton
  19 vault sentinels
  A rust devil
  16 moths of wrath
  2 ice statues
  A torpor snail
  3 guardian serpents
  A water nymph
  37 black mambas
  2 gargoyles
  An eye of devastation (shapeshifter)
  16 spiny frogs
  3 kobold demonologists
  10 komodo dragons
  9 rime drakes
  51 yaktaurs
  6 freezing wraiths
  2 tengu conjurers
  A queen bee (shapeshifter)
  2 trolls (shapeshifter)
  6 trolls
  14 polar bears
  31 hornets
  3 meliai
  16 blink frogs Grinder
  13 bog bodies
  7 tyrant leeches
  An ettin zombie
  7 hippogriffs
  44 slime creatures
  A hippogriff (shapeshifter)
  10 dream sheep
  2 stone giant simulacra
  2 centaur simulacra
  A fire giant simulacrum
  3 shadows
  45 spriggans
  5 wyverns
  A wraith
  9 water elementals
  7 hogs
  A human
  7 basilisks
  A yak (shapeshifter)
  3 steam dragons
  56 yaks Grum
  A neqoxec
  2 hungry ghosts
  3 fire elementals
  A yaktaur simulacrum
  17 swamp worms
  16 vampire mosquitoes
  8 wargs
  57 nagas
  10 insubstantial wisps
  13 water moccasins
  2 acid dragons
  A porcupine (shapeshifter)
  11 porcupines
  4 hell hounds
  16 swamp drakes Duvessa
  60 orc warriors
  A human zombie
  A black bear (shapeshifter)
  A black bear
  A hornet zombie
  An ice beast
  8 necrophages
  4 sky beasts
  36 ogres
  39 wolves
  8 phantoms
  18 boggarts
  17 centaurs
  14 crocodiles
  6 big kobolds
  16 bullfrogs Dowan
  A water moccasin zombie
  2 scorpions
  2 human simulacra
  13 killer bees
  2 troll zombies
  14 wights
  13 electric eels
  A centaur zombie
  9 crimson imps
  2 quasits
  22 orc priests
  2 bullfrog zombies
  11 hounds
  5 jellies
  2 bullfrog skeletons
  26 orc wizards
  4 centaur skeletons
  An iron imp Natasha (thrice)
  9 iguanas
  7 worker ants
  2 hell rats
  4 ogre zombies
  A hound zombie
  4 gnolls
  5 worker ant zombies
  15 adders
  An adder (shapeshifter)
  2 river rats
  2 shadow imps
  2 white imps
  An adder zombie
  2 adder skeletons
  4 worms
  3 dart slugs
  6 leopard geckos
  139 orcs
  6 bats
  5 giant cockroaches
  7 goblins
  5 hobgoblins
  8 jackals
  3 quokkas
  A frilled lizard
  3 goblin zombies
  A hobgoblin skeleton
  A hobgoblin zombie
  A jackal skeleton
  24 kobolds
  A leopard gecko skeleton
  14 orc zombies
  2 quokka skeletons
  2 quokka zombies
  10 rats
  A plant
2234 creatures vanquished.

Vanquished Creatures (collateral kills)
  A caustic shrike skeleton
  A white draconian
  A death yak
  2 polar bears
  A spriggan
  A yak
7 creatures vanquished.

Vanquished Creatures (others)
  A very ugly thing
  2 caustic shrike skeletons
  A green draconian
  A spriggan druid
  A cyclops
  A yaktaur
  A hippogriff
  A yak
  2 insubstantial wisps
  A swamp worm
  2 ogres
  A wolf
  4 centaurs
  A bullfrog zombie
  An orc wizard
  3 orcs
  A kobold
  20 fungi
  28 plants
73 creatures vanquished.

Grand Total: 2314 creatures vanquished

Notes
Turn   | Place    | Note
-------+----------+-------------------------------------------
     0 | D:1      | Caminho the Minotaur Fighter began the quest for the Orb.
     0 | D:1      | Reached XP level 1. HP: 19/19 MP: 0/0
    64 | D:1      | Reached XP level 2. HP: 27/27 MP: 1/1
   179 | D:1      | Reached skill level 4 in Fighting
   179 | D:1      | Reached skill level 4 in Armour
   180 | D:1      | Reached skill level 4 in Shields
   326 | D:1      | Reached skill level 3 in Maces & Flails
   429 | D:1      | Reached XP level 3. HP: 32/33 MP: 2/2
   651 | D:2      | Found a transporter.
   651 | D:2      | Found a transporter.
   655 | D:2      | Found a basalt altar of Yredelemnul.
   674 | D:2      | Reached XP level 4. HP: 40/40 MP: 3/3
   730 | D:2      | Reached skill level 4 in Maces & Flails
  1079 | D:2      | Noticed a +0 hand axe
  1080 | D:2      | Noticed a +0 dagger
  1083 | D:2      | Found a hide-covered altar of Uskayaw.
  1358 | D:3      | Found a shattered altar of Ashenzari.
  1570 | D:3      | Reached XP level 5. HP: 46/46 MP: 4/4
  1578 | D:3      | Noticed Natasha
  1595 | D:3      | Killed Natasha
  1595 | D:3      | Reached skill level 5 in Maces & Flails
  1682 | D:3      | Found a shadowy altar of Dithmenos.
  1683 | D:3      | Noticed Natasha
  1701 | D:3      | Killed Natasha
  1955 | D:3      | Noticed Natasha
  1957 | D:3      | Killed Natasha
  2156 | D:4      | Found a runed translucent gate.
  2156 | D:4      | Found a runed translucent gate.
  2156 | D:4      | Found a runed translucent gate.
  2156 | D:4      | Noticed Ratty's ghost (amateur DENe)
  2234 | D:4      | Reached skill level 6 in Maces & Flails
  2234 | D:4      | Reached XP level 6. HP: 52/52 MP: 5/5
  2293 | D:4      | Reached skill level 5 in Armour
  2774 | D:5      | Entered Level 5 of the Dungeon
  2792 | D:5      | Reached XP level 7. HP: 58/60 MP: 6/6
  2823 | D:5      | Reached skill level 7 in Maces & Flails
  2825 | D:5      | Found a stormy altar of Qazlal.
  2839 | D:5      | Learned a level 1 spell: Confusing Touch
  2862 | D:5      | Reached skill level 5 in Fighting
  2924 | D:5      | Reached skill level 8 in Maces & Flails
  3220 | D:5      | Reached skill level 6 in Fighting
  3348 | D:6      | Reached XP level 8. HP: 70/70 MP: 7/7
  3434 | D:6      | Reached skill level 9 in Maces & Flails
  3462 | D:6      | Reached skill level 1 in Dodging
  3625 | D:6      | Found a staircase to the Ecumenical Temple.
  3635 | Temple   | Entered the Ecumenical Temple
  3646 | Temple   | Became a worshipper of Warmaster Okawaru
  3696 | D:6      | Noticed Grinder
  3742 | D:5      | Reached skill level 10 in Maces & Flails
  3853 | D:6      | Killed Grinder
  3853 | D:6      | Reached * piety under Okawaru
  3853 | D:6      | Reached skill level 7 in Fighting
  3942 | D:6      | Found an ornate altar of the Wu Jian Council.
  4191 | D:6      | Noticed Duvessa
  4191 | D:6      | Noticed Dowan
  4209 | D:6      | Killed Duvessa
  4209 | D:6      | Reached skill level 1 in Invocations
  4214 | D:6      | Killed Dowan
  4470 | D:7      | Reached skill level 2 in Invocations
  4510 | D:7      | Reached skill level 5 in Shields
  4510 | D:7      | Reached XP level 9. HP: 79/79 MP: 9/9
  4546 | D:7      | Noticed a green ugly thing
  4553 | D:7      | Killed a green ugly thing
  4553 | D:7      | Reached ** piety under Okawaru
  4553 | D:7      | Reached skill level 11 in Maces & Flails
  4780 | D:7      | Reached skill level 6 in Shields
  4948 | D:7      | Reached skill level 8 in Fighting
  5025 | D:7      | Found Siotyleaho's Jewellery Boutique.
  5031 | D:7      | Bought a +2 amulet of reflection for 97 gold pieces
  5151 | D:7      | Reached skill level 12 in Maces & Flails
  5429 | D:8      | Reached skill level 7 in Shields
  5441 | D:8      | Reached skill level 3 in Invocations
  5446 | D:8      | Reached *** piety under Okawaru
  6001 | D:8      | Reached skill level 9 in Fighting
  6147 | D:8      | Reached XP level 10. HP: 79/91 MP: 11/11
  6169 | D:8      | Reached skill level 8 in Shields
  6207 | D:8      | Noticed a two-headed ogre
  6216 | D:8      | Killed a two-headed ogre
  6216 | D:8      | Reached **** piety under Okawaru
  6317 | D:8      | Reached skill level 10 in Fighting
  6317 | D:8      | Reached skill level 9 in Shields
  6463 | D:8      | Noticed Grum
  6487 | D:8      | Killed Grum
  6620 | D:8      | HP: 18/93 [electric eel/bolt of electricity (7)]
  7954 | D:9      | Reached skill level 10 in Shields
  8081 | D:10     | Entered Level 10 of the Dungeon
  8150 | D:10     | Reached skill level 11 in Fighting
  8283 | D:10     | Reached skill level 6 in Armour
  8285 | D:10     | Noticed a death yak
  8285 | D:10     | Noticed a death yak
  8305 | D:10     | Reached ***** piety under Okawaru
  8310 | D:10     | Noticed a death yak
  8315 | D:10     | Killed a death yak
  8333 | D:10     | Killed a death yak
  8333 | D:10     | Reached skill level 12 in Fighting
  8333 | D:10     | Reached XP level 11. HP: 67/104 MP: 10/12
  8341 | D:10     | Killed a death yak
  8341 | D:10     | Reached skill level 7 in Armour
  8623 | D:10     | Found Izoponicw's Food Emporium.
  8629 | D:10     | Reached skill level 8 in Armour
  8715 | D:10     | Reached skill level 9 in Armour
  8767 | D:10     | Noticed a brown ugly thing
  8776 | D:10     | Killed a brown ugly thing
  8946 | D:10     | Reached skill level 10 in Armour
  9141 | D:10     | Found a staircase to the Lair.
  9253 | D:10     | Received a gift from Okawaru
  9254 | D:10     | Found the +3 pair of gauntlets of War {god gift, Slay+5}
  9317 | D:10     | Found a roughly hewn altar of Beogh.
  9413 | D:10     | Reached skill level 11 in Armour
  9547 | Lair:1   | Entered Level 1 of the Lair of Beasts
  9608 | D:10     | Reached skill level 4 in Invocations
  9750 | Lair:1   | Reached skill level 5 in Invocations
  9755 | Lair:1   | Reached ****** piety under Okawaru
  9764 | Lair:1   | Reached skill level 1 in Evocations
  9950 | Lair:1   | Reached skill level 6 in Invocations
 10340 | Lair:1   | Reached skill level 2 in Evocations
 10890 | Lair:1   | Reached XP level 12. HP: 101/112 MP: 15/15
 11060 | Lair:2   | Reached skill level 7 in Invocations
 11102 | Lair:2   | Got a faintly humming robe
 11115 | Lair:2   | Noticed a seven-headed hydra
 11123 | Lair:2   | Killed a seven-headed hydra
 11123 | Lair:2   | Reached skill level 3 in Evocations
 11423 | Lair:2   | Reached skill level 8 in Invocations
 11453 | Lair:2   | Found a staircase to the Snake Pit.
 11713 | Lair:3   | Noticed a seven-headed hydra
 11726 | Lair:2   | Reached skill level 4 in Evocations
 11731 | Lair:2   | Received a gift from Okawaru
 11891 | Lair:3   | Killed a seven-headed hydra
 11891 | Lair:3   | Reached skill level 13 in Fighting
 12014 | Lair:3   | Reached skill level 5 in Evocations
 12733 | Lair:3   | Noticed a catoblepas
 12747 | Lair:3   | Killed a catoblepas
 13183 | Lair:4   | Reached skill level 14 in Fighting
 13361 | Lair:4   | Reached skill level 6 in Evocations
 13533 | Lair:4   | Got a translucent hand crossbow
 13608 | Lair:4   | Noticed a five-headed hydra
 13616 | Lair:4   | Killed a five-headed hydra
 13826 | Lair:4   | Found a staircase to the Swamp.
 13857 | Lair:4   | Reached XP level 13. HP: 115/124 MP: 18/18
 14091 | Lair:5   | Found a transporter.
 14095 | Lair:5   | Found a transporter.
 14095 | Lair:5   | Noticed Mumum's ghost (journeyman DrFE)
 14115 | Lair:5   | Received a gift from Okawaru
 14116 | Lair:5   | Got a pitted shortbow {god gift}
 14398 | Lair:5   | Reached skill level 2 in Dodging
 14431 | Lair:5   | Reached skill level 15 in Fighting
 14440 | Lair:5   | Reached skill level 3 in Dodging
 14675 | Lair:5   | Found a staircase to the Slime Pits.
 14675 | Lair:5   | Found a viscous altar of Jiyva.
 15017 | Lair:6   | Entered Level 6 of the Lair of Beasts
 15194 | Lair:6   | Found a frozen archway.
 15229 | IceCv    | Entered an ice cave
 15237 | IceCv    | Received a gift from Okawaru
 15785 | IceCv    | Reached skill level 12 in Armour
 15862 | IceCv    | Noticed a white draconian
 15881 | IceCv    | Reached skill level 16 in Fighting
 15904 | IceCv    | Killed a white draconian
 15928 | IceCv    | Got a translucent jade ring
 15929 | IceCv    | Identified Wuinaurch's Grimoire of the Snowflakes
 15992 | Lair:6   | Found a shimmering altar of Xom.
 16129 | Lair:6   | Reached skill level 13 in Armour
 16311 | Lair:6   | Received a gift from Okawaru
 16311 | Lair:6   | Reached XP level 14. HP: 133/137 MP: 19/19
 16608 | Lair:6   | Reached skill level 14 in Armour
 16898 | Lair:6   | Received a gift from Okawaru
 17733 | D:11     | Reached skill level 17 in Fighting
 17989 | D:11     | Got a clouded tin amulet
 18915 | D:12     | Found a staircase to the Orcish Mines.
 19223 | Orc:1    | Entered Level 1 of the Orcish Mines
 19342 | D:12     | Reached skill level 18 in Fighting
 19624 | Orc:2    | Entered Level 2 of the Orcish Mines
 19711 | Orc:2    | Noticed Saint Roka
 20035 | Temple   | Fell from the grace of Okawaru
 20035 | Temple   | Became a worshipper of Hepliaklqana the Forgotten
 20043 | Temple   | Fell from the grace of Hepliaklqana
 20043 | Temple   | Became a worshipper of Warmaster Okawaru
 20500 | Orc:2    | Killed Saint Roka
 20773 | Orc:2    | Found Teden's Food Shop.
 20887 | Orc:1    | Noticed a stone giant
 20897 | Orc:1    | Noticed a stone giant
 20916 | Orc:2    | Killed a stone giant
 20964 | Orc:1    | Killed a stone giant
 21100 | Orc:2    | Found a roughly hewn altar of Beogh.
 21217 | Orc:2    | Found a staircase to the Elven Halls.
 21908 | Orc:2    | Found Ucuenunk's Armour Boutique.
 21917 | Orc:2    | Found Qaan's Gadget Emporium.
 21923 | Orc:2    | Found Heigicsyargh's Weapon Emporium.
 21935 | Orc:2    | Found Poesisas's Assorted Antiques.
 21961 | Orc:2    | Bought a +1 large shield of protection for 214 gold pieces
 21961 | Orc:2    | Bought a +0 pair of boots of running for 409 gold pieces
 21985 | Orc:2    | Bought a wand of digging (3) for 182 gold pieces
 22145 | D:7      | Bought a +5 ring of slaying for 1478 gold pieces
 23387 | D:14     | Identified Roxanne's Collected Works on Transmutation
 23387 | D:14     | Noticed Roxanne
 23444 | D:14     | Found a gate to the Vaults.
 23457 | D:14     | Learned a level 2 spell: Swiftness
 23541 | D:14     | Noticed Louise
 23549 | D:14     | Killed Louise
 23833 | D:15     | Entered Level 15 of the Dungeon
 23871 | D:15     | Noticed Kirke
 23883 | D:15     | Killed Kirke
 23900 | D:15     | Received a gift from Okawaru
 23950 | D:15     | Found a runed translucent gate.
 23950 | D:15     | Noticed Jiecrehi's ghost (journeyman DDFi)
 23954 | D:15     | Found a runed translucent gate.
 23954 | D:15     | Found a runed translucent gate.
 24140 | D:15     | Found a gate leading to a gauntlet.
 24149 | Gauntlet | Entered a Gauntlet
 24149 | Gauntlet | Found a transporter.
 24149 | Gauntlet | Found a transporter.
 24149 | Gauntlet | Found a large runed translucent door.
 24149 | Gauntlet | Found a large runed translucent door.
 24149 | Gauntlet | Found a large runed translucent door.
 24149 | Gauntlet | Found a large runed translucent door.
 24149 | Gauntlet | Found a large runed translucent door.
 24149 | Gauntlet | Found a large runed translucent door.
 24149 | Gauntlet | Found a runed translucent door.
 24149 | Gauntlet | Found a runed translucent door.
 24149 | Gauntlet | Found a large runed translucent door.
 24149 | Gauntlet | Found a large runed translucent door.
 24149 | Gauntlet | Found a large runed translucent door.
 24149 | Gauntlet | Found a large runed translucent door.
 24149 | Gauntlet | Found a large runed translucent door.
 24149 | Gauntlet | Found a large runed translucent door.
 24154 | Gauntlet | Found a transporter.
 24154 | Gauntlet | Found a transporter.
 24158 | Gauntlet | Found a large runed translucent door.
 24158 | Gauntlet | Found a large runed translucent door.
 24159 | Gauntlet | Found a runed translucent gate.
 24159 | Gauntlet | Found a runed translucent gate.
 24159 | Gauntlet | Found a runed translucent gate.
 24170 | Gauntlet | Found a transporter.
 24174 | Gauntlet | Found a transporter.
 24177 | Gauntlet | Found a transporter.
 24198 | Gauntlet | Found a transporter.
 24217 | Gauntlet | Found a transporter.
 24241 | Gauntlet | Found a transporter.
 24255 | Gauntlet | Found a transporter.
 24269 | Gauntlet | Found a large runed translucent door.
 24270 | Gauntlet | Found a large runed translucent door.
 24297 | Gauntlet | Found a transporter.
 24311 | Gauntlet | Found a transporter.
 24413 | Gauntlet | Found a transporter.
 24429 | Gauntlet | Found a transporter.
 24443 | Gauntlet | Found a transporter.
 24757 | Gauntlet | Got a shimmering bronze amulet
 24879 | Gauntlet | Identified the cursed +2 morningstar "Afalutz" {drain, rF+
                  | Str+4 Int+3}
 24879 | Gauntlet | Identified the ring of the Sky {Ice +Fly rElec MR+}
 24902 | Gauntlet | Found the +0 staff of Battle
 25048 | D:15     | Found Sutuxu's Distillery.
 25578 | D:15     | Found a staircase to the Depths.
 26138 | D:15     | Killed Jiecrehi's ghost
 26141 | D:15     | Received a gift from Okawaru
 26152 | D:15     | Got a translucent war axe
 26376 | Orc:2    | Bought a wand of enslavement (3) for 44 gold pieces
 26649 | Swamp:1  | Entered Level 1 of the Swamp
 26850 | Swamp:1  | Got a spiked chain mail
 27728 | Swamp:2  | Received a gift from Okawaru
 27728 | Swamp:2  | Was forgiven by Hepliaklqana
 27950 | Temple   | Fell from the grace of Okawaru
 27950 | Temple   | Became a worshipper of Hepliaklqana the Forgotten
 27961 | Temple   | Fell from the grace of Hepliaklqana
 27961 | Temple   | Became a worshipper of Warmaster Okawaru
 29209 | Swamp:3  | Noticed a thorn hunter
 29495 | Swamp:3  | Got a scorched long sword
 29568 | Swamp:3  | Killed a thorn hunter
 30232 | Swamp:4  | Entered Level 4 of the Swamp
 30790 | Swamp:4  | Noticed a cyan very ugly thing
 30802 | Swamp:4  | Killed a cyan very ugly thing
 31359 | Swamp:4  | Received a gift from Okawaru
 31366 | Swamp:4  | Got a fine hat {god gift}
 31416 | Swamp:4  | Identified the +0 hat "Tutonad" {god gift, rElec} (Okawaru
                  | gifted it to you on level 4 of the Swamp)
 31472 | Swamp:4  | Got a translucent hand axe
 31615 | Swamp:4  | Found a large runed translucent door.
 31615 | Swamp:4  | Found a large runed translucent door.
 31619 | Swamp:4  | Noticed tilp's ghost (adept SpEn)
 31664 | Swamp:4  | Learned a level 1 spell: Animate Skeleton
 31948 | Swamp:4  | Noticed the 27-headed Lernaean hydra
 31962 | Swamp:4  | Killed the 27-headed Lernaean hydra
 31971 | Swamp:4  | Got a decaying rune of Zot
 32179 | Swamp:4  | Killed tilp's ghost
 32192 | Swamp:4  | Identified the cursed +1 chain mail "Izolid" {rPois rF++
                  | Int+4 Dex+4} (You found it on level 1 of the Swamp)
 32346 | Lair:6   | Identified the amulet "Wiocyech" {Spirit MR+} (You found it
                  | on level 11 of the Dungeon)
 32347 | Lair:6   | Identified the ring "Yskopt" {Ice +Fly rElec MR+++ Int-2}
                  | (You found it in an ice cave)
 32588 | D:14     | Identified the amulet "Qege Rec" {+Rage Int+4} (You found
                  | it in a Gauntlet)
 32606 | D:14     | Identified 2 scrolls of acquirement
 32840 | D:15     | Bought a potion of haste for 170 gold pieces
 33013 | Snake:1  | Entered Level 1 of the Snake Pit
 33020 | Snake:1  | Received a gift from Okawaru
 33177 | Snake:1  | Noticed Azrael
 33193 | Snake:1  | Killed Azrael
 33403 | Temple   | Fell from the grace of Okawaru
 33403 | Temple   | Became a worshipper of Hepliaklqana the Forgotten
 33411 | Temple   | Fell from the grace of Hepliaklqana
 33411 | Temple   | Became a worshipper of Warmaster Okawaru
 34435 | Snake:1  | Noticed Frances
 34453 | Snake:1  | Killed Frances
 34543 | Snake:2  | Noticed Asterion
 34678 | Snake:2  | Noticed an Executioner
 34689 | Snake:2  | Killed Asterion
 34925 | Snake:2  | Noticed Aizul
 34947 | Snake:2  | Killed Aizul
 35978 | Snake:2  | Noticed Donald
 35990 | Snake:2  | Killed Donald
 37062 | Snake:4  | Entered Level 4 of the Snake Pit
 37266 | Snake:4  | Received a gift from Okawaru
 37663 | Snake:4  | Learned a level 2 spell: Passwall
 38274 | Temple   | Fell from the grace of Okawaru
 38274 | Temple   | Became a worshipper of Hepliaklqana the Forgotten
 38282 | Temple   | Fell from the grace of Hepliaklqana
 38282 | Temple   | Became a worshipper of Warmaster Okawaru
 38540 | Snake:4  | Found Bifiux's Weapon Emporium.
 38943 | Snake:4  | Noticed a nagaraja
 38948 | Snake:4  | Noticed a nagaraja
 39292 | Snake:4  | Killed a nagaraja
 39688 | Snake:4  | Noticed a nagaraja
 39707 | Snake:4  | Noticed a nagaraja
 39709 | Snake:4  | Killed a nagaraja
 39719 | Snake:4  | Killed a nagaraja
 39808 | Snake:4  | Noticed a nagaraja
 39821 | Snake:4  | Killed a nagaraja
 39828 | Snake:4  | Killed a nagaraja
 39875 | Snake:4  | Found Bifiux's Weapon Emporium.
 40156 | Snake:4  | Got a serpentine rune of Zot
 40611 | Vaults:1 | Entered Level 1 of the Vaults
 40617 | Vaults:1 | Noticed a vault warden
 40643 | Vaults:1 | Killed a vault warden
 40697 | Vaults:1 | Noticed an ironheart preserver
 40706 | Vaults:1 | Killed an ironheart preserver
 41054 | Vaults:1 | Found Yzagair's Antique Weapon Emporium.
 41413 | Vaults:1 | Received a gift from Okawaru
 41609 | Vaults:1 | Noticed an ironheart preserver
 42488 | Vaults:1 | Bought a runed eveningstar for 792 gold pieces
 42697 | Vaults:1 | Received a gift from Okawaru
 42729 | Vaults:2 | Was forgiven by Hepliaklqana
 42902 | Temple   | Fell from the grace of Okawaru
 42902 | Temple   | Became a worshipper of Hepliaklqana the Forgotten
 42911 | Temple   | Fell from the grace of Hepliaklqana
 42911 | Temple   | Became a worshipper of Warmaster Okawaru
 43317 | Vaults:2 | Noticed a vault warden
 43328 | Vaults:2 | Killed a vault warden
 43333 | Vaults:2 | Noticed a vault warden
 43349 | Vaults:2 | Killed a vault warden
 43906 | Vaults:2 | Found Toeches's Antique Weapon Shop.
 44076 | Vaults:2 | Found Uplema's Antique Weapon Shoppe.
 44237 | Vaults:2 | Noticed Boris
 44265 | Vaults:2 | Killed Boris
 44456 | Vaults:2 | Found Seridgh's Antique Weapon Emporium.
 44606 | Vaults:2 | Found a runed translucent door.
 44607 | Vaults:2 | Noticed Lianjan's ghost (adept GnWr)
 44612 | Vaults:2 | Found a shimmering altar of Xom.
 44612 | Vaults:2 | Identified the +3 broad axe of Prudence {chaos, rN+ Str+2}
 44703 | Vaults:2 | Noticed a stone giant
 44728 | Vaults:2 | Killed a stone giant
 44728 | Vaults:2 | Received a gift from Okawaru
 44729 | Vaults:2 | Found the +6 shillelagh "Devastator" {god gift, shatter}
 44749 | Vaults:2 | Noticed an ironheart preserver
 44751 | Vaults:2 | Noticed a deep elf sorcerer
 44759 | Vaults:2 | Killed an ironheart preserver
 44773 | Vaults:2 | Killed a deep elf sorcerer
 45099 | Vaults:2 | Noticed a vault warden
 45120 | Vaults:2 | Killed a vault warden
 45336 | Vaults:3 | Received a gift from Okawaru
 45344 | Vaults:3 | Noticed a cyan very ugly thing
 45344 | Vaults:3 | Noticed a cyan very ugly thing
 45344 | Vaults:3 | Noticed a cyan very ugly thing
 45356 | Vaults:3 | Killed a green very ugly thing
 45361 | Vaults:3 | Killed a cyan very ugly thing
 45366 | Vaults:3 | Killed a cyan very ugly thing
 45366 | Vaults:3 | Received a gift from Okawaru
 45409 | Vaults:3 | Noticed a stone giant
 45425 | Vaults:3 | Killed a stone giant
 45601 | Vaults:3 | Noticed an ironheart preserver
 45608 | Vaults:3 | Killed an ironheart preserver
 45636 | Vaults:3 | Noticed a fire giant
 45649 | Vaults:3 | Killed a fire giant
 45668 | Vaults:3 | Noticed a vault warden
 45678 | Vaults:3 | Noticed an ironheart preserver
 45680 | Vaults:3 | Noticed an ironheart preserver
 45681 | Vaults:3 | Killed a vault warden
 45695 | Vaults:3 | Killed an ironheart preserver
 45699 | Vaults:3 | Killed an ironheart preserver
 45699 | Vaults:3 | Was forgiven by Hepliaklqana
 46043 | Temple   | Fell from the grace of Okawaru
 46043 | Temple   | Became a worshipper of Hepliaklqana the Forgotten
 46051 | Temple   | Fell from the grace of Hepliaklqana
 46051 | Temple   | Became a worshipper of Warmaster Okawaru
 46705 | Vaults:3 | Noticed a vault warden
 46715 | Vaults:3 | Killed a vault warden
 46801 | Vaults:3 | Noticed a vault warden
 46803 | Vaults:3 | Noticed an ironheart preserver
 46813 | Vaults:3 | Killed a vault warden
 46827 | Vaults:3 | Killed an ironheart preserver
 46961 | Vaults:3 | Noticed an ironheart preserver
 46974 | Vaults:3 | Killed an ironheart preserver
 47257 | Vaults:3 | Received a gift from Okawaru
 47402 | Vaults:3 | Found a staircase to the Crypt.
 47505 | Vaults:3 | Noticed a tengu reaver
 47512 | Vaults:3 | Killed a tengu reaver
 47607 | Vaults:3 | Noticed a sphinx
 47622 | Vaults:3 | Killed a sphinx
 47716 | Vaults:3 | Identified the amulet of Biexzast {-Tele Regen+ Str+5
                  | Int+3} (You found it on level 3 of the Vaults)
 47797 | Vaults:3 | Noticed a sphinx
 47984 | Vaults:4 | Noticed a frost giant
 48056 | Vaults:4 | Killed a frost giant
 48062 | Vaults:4 | Noticed an ironheart preserver
 48073 | Vaults:4 | Killed an ironheart preserver
 48368 | Vaults:4 | Noticed a stone giant
 48395 | Vaults:4 | Killed a stone giant
 48728 | Vaults:4 | Received a gift from Okawaru
 48819 | Vaults:4 | Noticed a vault warden
 48820 | Vaults:4 | Noticed a stone giant
 48835 | Vaults:4 | Killed a vault warden
 48840 | Vaults:4 | Killed a stone giant
 49167 | Vaults:4 | Received a gift from Okawaru
 49347 | Vaults:4 | Was forgiven by Hepliaklqana
 49702 | Temple   | Fell from the grace of Okawaru
 49702 | Temple   | Became a worshipper of Hepliaklqana the Forgotten
 49710 | Temple   | Fell from the grace of Hepliaklqana
 49710 | Temple   | Became a worshipper of Warmaster Okawaru
 50340 | Vaults:4 | Noticed a vault warden
 50354 | Vaults:4 | Killed a vault warden
 50755 | Vaults:5 | Entered Level 5 of the Vaults
 50755 | Vaults:5 | Noticed an ironheart preserver
 50755 | Vaults:5 | Noticed an orc warlord
 50986 | Depths:1 | Entered Level 1 of the Depths
 51225 | Depths:1 | Found a portal to a secret trove of treasure.
 51402 | Depths:1 | Received a gift from Okawaru
 51403 | Depths:1 | Got a dazzling flail {god gift}
 51540 | Depths:1 | Found a gateway to Hell.
 52116 | Depths:1 | Noticed a tengu reaver
 52124 | Depths:1 | Received a gift from Okawaru
 52137 | Depths:1 | Killed a tengu reaver
 52139 | Depths:1 | Got a fine chain mail {god gift}
 52140 | Depths:1 | Identified the +7 chain mail of the Thirsty Wishes {god
                  | gift, +Blink rN+} (Okawaru gifted it to you on level 1 of
                  | the Depths)
 52399 | Depths:1 | Noticed an azure jelly
 52399 | Depths:1 | Noticed an acid blob
 52399 | Depths:1 | Noticed an azure jelly
 52400 | Depths:1 | Noticed an acid blob
 52400 | Depths:1 | Noticed an azure jelly
 52401 | Depths:1 | Noticed an azure jelly
 52402 | Depths:1 | Noticed an azure jelly
 52403 | Depths:1 | Noticed an acid blob
 52403 | Depths:1 | Noticed an azure jelly
 52403 | Depths:1 | Noticed an acid blob
 52403 | Depths:1 | Noticed an azure jelly
 52415 | Depths:1 | Found a runed translucent door.
 52519 | Depths:2 | Noticed a lich
 52531 | Depths:2 | Killed a lich
 52543 | Depths:2 | Noticed a cyan very ugly thing
 52543 | Depths:2 | Noticed a cyan very ugly thing
 52545 | Depths:2 | Noticed a cyan very ugly thing
 52546 | Depths:2 | Noticed a cyan very ugly thing
 52549 | Depths:2 | Killed a cyan very ugly thing
 52549 | Depths:2 | Noticed a cyan very ugly thing
 52553 | Depths:2 | Killed a cyan very ugly thing
 52571 | Depths:2 | Killed a purple very ugly thing
 52575 | Depths:2 | Killed a purple very ugly thing
 52579 | Depths:2 | Killed a purple very ugly thing
 52600 | Depths:1 | Received a gift from Okawaru
 52606 | Depths:1 | Got a smoking crystal plate armour {god gift}
 52790 | Temple   | Fell from the grace of Okawaru
 52790 | Temple   | Became a worshipper of Hepliaklqana the Forgotten
 52798 | Temple   | Fell from the grace of Hepliaklqana
 52798 | Temple   | Became a worshipper of Warmaster Okawaru
 52799 | Temple   | Identified the +1 crystal plate armour of Sloth {god gift,
                  | rElec rF+ rN+} (Okawaru gifted it to you on level 1 of the
                  | Depths)
 53135 | Depths:2 | Noticed a tengu reaver
 53146 | Depths:1 | Killed a tengu reaver
 53636 | Depths:2 | Noticed a lich
 53679 | Depths:2 | Noticed a fire giant
 53721 | Depths:2 | Found Xilo's Antique Armour Emporium.
 53851 | Depths:2 | Noticed a red very ugly thing
 53854 | Depths:2 | Noticed a red very ugly thing
 53856 | Depths:2 | Noticed a red very ugly thing
 53856 | Depths:2 | Noticed a white very ugly thing
 53866 | Depths:2 | Killed a lich
 53868 | Depths:2 | Killed a red very ugly thing
 53879 | Depths:2 | Killed a white very ugly thing
 53887 | Depths:2 | Killed a white very ugly thing
 53892 | Depths:2 | Killed a white very ugly thing
 53937 | Depths:2 | Killed a fire giant
 54727 | Depths:2 | Found Weun Xoe's Gadget Shop.
 55307 | Depths:3 | Noticed a frost giant
 55311 | Depths:3 | Noticed a cyan very ugly thing
 55311 | Depths:3 | Noticed a cyan very ugly thing
 55311 | Depths:3 | Noticed a cyan very ugly thing
 55311 | Depths:3 | Noticed a cyan very ugly thing
 55590 | Depths:3 | Found a one-way gate to the infinite horrors of the Abyss.
 55970 | Depths:1 | Killed an acid blob
 55976 | Depths:1 | Killed an acid blob
 55981 | Depths:1 | Killed an azure jelly
 55981 | Depths:1 | Received a gift from Okawaru
 55988 | Depths:1 | Killed an acid blob
 56128 | Depths:1 | Killed an azure jelly
 56206 | Depths:1 | Killed an acid blob
 56212 | Depths:1 | Killed an azure jelly
 56374 | Depths:1 | Killed an azure jelly
 56379 | Depths:1 | Killed an azure jelly
 56411 | Depths:1 | Killed an azure jelly
 56411 | Depths:1 | Received a gift from Okawaru
 56412 | Depths:1 | Identified the +2 shield of Gerucsiu {god gift, Str-4
                  | Dex+4} (Okawaru gifted it to you on level 1 of the Depths)
 56626 | Temple   | Fell from the grace of Okawaru
 56626 | Temple   | Became a worshipper of Hepliaklqana the Forgotten
 56634 | Temple   | Fell from the grace of Hepliaklqana
 56634 | Temple   | Became a worshipper of Warmaster Okawaru
 56888 | Depths:1 | Killed an azure jelly
 56900 | Depths:1 | Identified the cursed +0 large shield of the Country {Dex+3
                  | Slay+3} (You found it on level 1 of the Depths)
 57024 | Depths:3 | Noticed a white very ugly thing
 57024 | Depths:3 | Noticed a white very ugly thing
 57024 | Depths:3 | Noticed a white very ugly thing
 57024 | Depths:3 | Noticed a white very ugly thing
 57036 | Depths:3 | Killed a white very ugly thing
 57046 | Depths:3 | Killed a white very ugly thing
 57051 | Depths:3 | Killed a green very ugly thing
 57059 | Depths:3 | Killed a red very ugly thing
 57199 | Depths:3 | Noticed a sphinx
 57202 | Depths:3 | Noticed a sphinx
 57214 | Depths:3 | Killed a sphinx
 57217 | Depths:3 | Killed a sphinx
 57497 | Depths:3 | Noticed a vampire knight
 57497 | Depths:3 | Noticed a vampire knight
 57498 | Depths:3 | Noticed a vampire knight
 57511 | Depths:3 | Killed a vampire knight
 57520 | Depths:3 | Noticed a lich
 57537 | Depths:3 | Killed a lich
 57594 | Depths:3 | Noticed a sphinx
 57601 | Depths:3 | Killed a sphinx
 57641 | Depths:3 | Found a one-way gate leading to the halls of Pandemonium.
 57677 | Depths:3 | Noticed a shadow dragon
 57694 | Depths:3 | Killed a shadow dragon
 57869 | Depths:3 | Noticed a golden dragon
 57896 | Depths:3 | Killed a golden dragon
 57918 | Depths:3 | Noticed a titan
 57944 | Depths:3 | Killed a titan
 57970 | Depths:3 | Noticed a stone giant
 57976 | Depths:3 | Noticed a frost giant
 57978 | Depths:3 | Killed a stone giant
 57978 | Depths:3 | Received a gift from Okawaru
 57990 | Depths:3 | Killed a frost giant
 58114 | Depths:3 | Noticed a fire giant
 58124 | Depths:3 | Killed a fire giant
 58154 | Depths:3 | Noticed a fire giant
 58165 | Depths:3 | Killed a fire giant
 58314 | Depths:3 | Identified the +4 dire flail "Bifoqoxu" {vamp, *Contam rC+
                  | Dex+4}
 58788 | Temple   | Fell from the grace of Okawaru
 58788 | Temple   | Became a worshipper of Hepliaklqana the Forgotten
 58796 | Temple   | Fell from the grace of Hepliaklqana
 58796 | Temple   | Became a worshipper of Warmaster Okawaru
 59370 | Depths:4 | Noticed an emperor scorpion
 59387 | Depths:4 | Killed an emperor scorpion
 59407 | Depths:4 | Noticed an emperor scorpion
 59448 | Depths:3 | Killed an emperor scorpion
 59705 | Depths:4 | Identified the +6 dagger "Pircheol" {pierce, rF++ Str+7
                  | Dex-3}
 59801 | Depths:4 | Noticed a stone giant
 59812 | Depths:4 | Killed a stone giant
 59861 | Depths:4 | Noticed a stone giant
 59872 | Depths:4 | Noticed a frost giant
 59933 | Depths:4 | Identified the cursed +1 flail of a ziggurat {drain, *Drain
                  | Int+5 Dex+10 Stlth+}
 59942 | Depths:4 | Noticed a spriggan defender
 59948 | Depths:4 | Killed a spriggan defender
 60207 | Depths:4 | Found a bloodstained altar of Trog.
 60597 | Depths:4 | Identified the +8 mace "Caminho's Peril" {flame, rF- Str+5}
 60653 | Depths:4 | Received a gift from Okawaru
 60928 | Depths:4 | Learned a level 1 spell: Apportation
 61104 | Depths:4 | Found a gateway to a ziggurat.
 61172 | Depths:4 | Noticed a spriggan defender
 61172 | Depths:4 | Noticed a spriggan defender
 61173 | Depths:4 | Noticed a spriggan defender
 61174 | Depths:4 | Noticed the Enchantress
 61175 | Depths:4 | Noticed a spriggan defender
 61193 | Depths:4 | Killed a spriggan defender
 61196 | Depths:4 | Killed a spriggan defender
 61198 | Depths:4 | Killed a spriggan defender
 61202 | Depths:4 | Killed a spriggan defender
 61237 | Depths:4 | Killed the Enchantress
 61266 | Depths:4 | Learned a level 1 spell: Summon Butterflies
 61549 | Depths:5 | Entered Level 5 of the Depths
 61567 | Depths:5 | Noticed a stone giant
 61571 | Depths:5 | Received a gift from Okawaru
 61593 | Depths:4 | Killed a stone giant
 61854 | Temple   | Fell from the grace of Okawaru
 61854 | Temple   | Became a worshipper of Hepliaklqana the Forgotten
 61862 | Temple   | Fell from the grace of Hepliaklqana
 61862 | Temple   | Became a worshipper of Warmaster Okawaru
 62191 | Depths:5 | Noticed a stone giant
 62203 | Depths:5 | Killed a stone giant
 62250 | Depths:5 | Noticed a yellow draconian shifter
 62255 | Depths:5 | Noticed a red very ugly thing
 62267 | Depths:5 | Killed a red very ugly thing
 62270 | Depths:5 | Noticed a red very ugly thing
 62279 | Depths:5 | Killed a yellow draconian shifter
 62281 | Depths:5 | Noticed a red very ugly thing
 62296 | Depths:4 | Killed a green very ugly thing
 62593 | Depths:5 | Killed a red very ugly thing
 62696 | Depths:5 | Noticed a frost giant
 62717 | Depths:5 | Killed a frost giant
 62722 | Depths:5 | Noticed a golden dragon
 62736 | Depths:5 | Killed a golden dragon
 63208 | Depths:5 | Noticed a yellow draconian annihilator
 63221 | Depths:5 | Killed a yellow draconian annihilator
 63485 | Depths:5 | Found a gate to the Realm of Zot.
 63492 | Depths:5 | Got a faintly glowing iron ring
 63493 | Depths:5 | Identified the ring "Uhuqupoq" {Str+3 Dex+2} (You acquired
                  | it on level 5 of the Depths)
 63495 | Depths:5 | Got a transparent zirconium amulet
 63496 | Depths:5 | Identified the amulet "Xuunt" {Acrobat SInv} (You acquired
                  | it on level 5 of the Depths)
 63500 | Depths:5 | Noticed a stone giant
 63551 | Depths:5 | Killed a stone giant
 63596 | Depths:5 | Noticed a quicksilver dragon
 63611 | Depths:5 | Killed a quicksilver dragon
 63612 | Depths:5 | Noticed a tengu reaver
 63612 | Depths:5 | Noticed an iron dragon
 63612 | Depths:5 | Noticed a lich
 63612 | Depths:5 | Noticed a storm dragon
 63614 | Depths:5 | Noticed a caustic shrike
 63616 | Depths:5 | Noticed a caustic shrike
 63621 | Depths:5 | Noticed a caustic shrike
 64000 | Depths:5 | Noticed a cyan very ugly thing
 64019 | Depths:5 | Killed a cyan very ugly thing
 64156 | Depths:5 | Killed a lich
 64166 | Depths:5 | Noticed a cyan very ugly thing
 64184 | Depths:4 | Killed a cyan very ugly thing
 64259 | Depths:5 | Killed a caustic shrike
 64280 | Depths:5 | Killed a caustic shrike
 64282 | Depths:5 | Killed a caustic shrike
 64284 | Depths:5 | Noticed a fire giant
 64294 | Depths:5 | Killed a fire giant
 64294 | Depths:5 | Received a gift from Okawaru
 64333 | Depths:5 | Noticed a tentacled monstrosity
 64334 | Depths:5 | Noticed a tentacled monstrosity
 64340 | Depths:5 | Killed a tentacled monstrosity
 64346 | Depths:5 | Killed a tentacled monstrosity
 64639 | Temple   | Fell from the grace of Okawaru
 64639 | Temple   | Became a worshipper of Hepliaklqana the Forgotten
 64647 | Temple   | Fell from the grace of Hepliaklqana
 64647 | Temple   | Became a worshipper of Warmaster Okawaru
 64670 | D:6      | Identified a +2 pair of boots of running {god gift}
                  | (Okawaru gifted it to you on level 5 of the Depths)
 64937 | Depths:5 | Noticed a vampire knight
 64949 | Depths:5 | Killed a vampire knight
 64956 | Depths:5 | Noticed a stone giant
 64970 | Depths:5 | Killed a stone giant
 64973 | Depths:5 | Noticed a stone giant
 65014 | Depths:5 | Killed a stone giant
 65047 | Depths:5 | Noticed a spriggan defender
 65063 | Depths:5 | Killed a spriggan defender
 65065 | Depths:5 | Noticed a fire giant
 65080 | Depths:5 | Noticed a tentacled monstrosity
 65082 | Depths:5 | Killed a fire giant
 65097 | Depths:5 | Killed a tentacled monstrosity
 65281 | Depths:5 | Killed an iron dragon
 65309 | Depths:5 | Noticed a lich
 65315 | Depths:5 | Noticed an Executioner
 65322 | Depths:5 | Killed a lich
 65528 | Depths:5 | Killed a storm dragon
 65641 | Depths:5 | Noticed a fire giant
 65645 | Depths:5 | Killed a tengu reaver
 65651 | Depths:5 | Killed a fire giant
 65654 | Depths:5 | Noticed a vampire knight
 65671 | Depths:5 | Killed a vampire knight
 65719 | Depths:5 | Noticed a tentacled monstrosity
 65733 | Depths:5 | Killed a tentacled monstrosity
 65778 | Depths:5 | Noticed a green very ugly thing
 65778 | Depths:5 | Noticed a green very ugly thing
 65788 | Depths:5 | Killed a red very ugly thing
 65796 | Depths:5 | Killed a red very ugly thing
 65797 | Depths:5 | Noticed a stone giant
 65811 | Depths:5 | Killed a stone giant
 65943 | Depths:5 | Received a gift from Okawaru
 66236 | Depths:5 | Found a gate to the Realm of Zot.
 66765 | Orc:2    | Bought 2 scrolls of enchant armour for 330 gold pieces
 67124 | Vaults:5 | Noticed a golden dragon
 67141 | Vaults:5 | Killed a golden dragon
 67146 | Vaults:5 | Noticed an ironheart preserver
 67156 | Vaults:5 | Killed an ironheart preserver
 67172 | Vaults:5 | Noticed a titan
 67174 | Vaults:5 | Noticed a golden dragon
 67189 | Vaults:5 | Killed a golden dragon
 67194 | Vaults:5 | Noticed a tentacled monstrosity
 67196 | Vaults:5 | Killed a titan
 67204 | Vaults:5 | Killed a tentacled monstrosity
 67208 | Vaults:5 | Identified the amulet of the King {Acrobat -Tele Str+4
                  | Stlth+} (You found it on level 5 of the Vaults)
 67475 | Vaults:5 | Noticed a stone giant
 67481 | Vaults:5 | Identified the +6 great sword "Arbiter" {slice, Dex+2}
 67481 | Vaults:5 | Noticed a vault warden
 67481 | Vaults:5 | Noticed an ironheart preserver
 67483 | Vaults:5 | Noticed an iron dragon
 67484 | Vaults:5 | Noticed a shadow dragon
 67820 | Temple   | Fell from the grace of Okawaru
 67820 | Temple   | Became a worshipper of Hepliaklqana the Forgotten
 67828 | Temple   | Fell from the grace of Hepliaklqana
 67828 | Temple   | Became a worshipper of Warmaster Okawaru
 68138 | Vaults:5 | Noticed a storm dragon
 68139 | Vaults:5 | Noticed a tentacled monstrosity
 68148 | Vaults:5 | Noticed a vault warden
 68149 | Vaults:5 | Noticed a titan
 68156 | Vaults:5 | Killed a tentacled monstrosity
 68160 | Vaults:5 | Killed a storm dragon
 68171 | Vaults:5 | Killed a titan
 68172 | Vaults:5 | Noticed a tengu reaver
 68178 | Vaults:5 | Killed a vault warden
 68180 | Vaults:5 | Noticed a tengu reaver
 68181 | Vaults:5 | Noticed a sphinx
 68193 | Vaults:5 | Killed a tengu reaver
 68218 | Vaults:5 | Killed a tengu reaver
 68220 | Vaults:5 | Noticed a golden dragon
 68223 | Vaults:5 | Killed a sphinx
 68223 | Vaults:5 | Received a gift from Okawaru
 68233 | Vaults:5 | Killed a golden dragon
 68242 | Vaults:5 | Noticed a frost giant
 68248 | Vaults:5 | Killed a frost giant
 68484 | Vaults:5 | Received a gift from Okawaru
 68526 | Vaults:5 | Noticed a frost giant
 68543 | Vaults:5 | Killed a frost giant
 68648 | Vaults:5 | Noticed a vault warden
 68651 | Vaults:5 | Killed a vault warden
 68654 | Vaults:5 | Noticed a fire giant
 68654 | Vaults:5 | Noticed a stone giant
 68654 | Vaults:5 | Noticed an ironheart preserver
 68657 | Vaults:5 | Noticed a stone giant
 68657 | Vaults:5 | Noticed a vault warden
 68657 | Vaults:5 | Noticed an ironheart preserver
 68661 | Vaults:5 | Received a gift from Okawaru
 68720 | Vaults:5 | Killed a stone giant
 68723 | Vaults:5 | Killed a vault warden
 68729 | Vaults:5 | Killed a fire giant
 68742 | Vaults:5 | Killed an ironheart preserver
 68794 | Vaults:5 | Identified the +12 flail of the Magi {holy, +Inv rN+ SInv
                  | Stlth+}
 68794 | Vaults:5 | Identified the ring "Rul Osib" {Wiz Dex+2}
 68807 | Vaults:5 | Noticed a green very ugly thing
 68810 | Vaults:5 | Killed a green very ugly thing
 68841 | Vaults:5 | Noticed a vault warden
 68847 | Vaults:5 | Killed a vault warden
 68847 | Vaults:5 | Received a gift from Okawaru
 68896 | Vaults:5 | Killed an iron dragon
 68926 | Vaults:5 | Noticed a shadow dragon
 68941 | Vaults:5 | Killed a shadow dragon
 68992 | Vaults:5 | Paralysed by a floating eye for 2 turns
 68995 | Vaults:5 | Noticed an ironheart preserver
 69281 | Temple   | Fell from the grace of Okawaru
 69281 | Temple   | Became a worshipper of Hepliaklqana the Forgotten
 69289 | Temple   | Fell from the grace of Hepliaklqana
 69289 | Temple   | Became a worshipper of Warmaster Okawaru
 69614 | Vaults:4 | Killed an orc warlord
 69622 | Vaults:4 | Killed an ironheart preserver
 69797 | Vaults:5 | Noticed a titan
 69814 | Vaults:5 | Killed a titan
 69822 | Vaults:5 | Noticed a tentacled monstrosity
 69835 | Vaults:5 | Killed a tentacled monstrosity
 69841 | Vaults:5 | Noticed a quicksilver dragon
 69841 | Vaults:5 | an alligator snapping turtle changed into a quicksilver
                  | dragon
 69842 | Vaults:5 | Killed a quicksilver dragon
 69886 | Vaults:5 | Noticed a vault warden
 69900 | Vaults:5 | Killed a vault warden
 69963 | Vaults:5 | Identified the amulet of Pore {+Rage rN+} (You acquired it
                  | on level 5 of the Vaults)
 70041 | Vaults:5 | Noticed a fire giant
 70055 | Vaults:5 | Killed a fire giant
 70069 | Vaults:5 | Killed a stone giant
 70102 | Vaults:5 | Noticed a titan
 70112 | Vaults:5 | Killed a titan
 70141 | Vaults:5 | Killed an ironheart preserver
 70244 | Vaults:5 | Killed a shadow dragon
 70249 | Vaults:5 | Noticed a stone giant
 70263 | Vaults:5 | Killed a stone giant
 70372 | Vaults:5 | Noticed a storm dragon
 70717 | Vaults:5 | Noticed a tengu reaver
 70717 | Vaults:5 | Noticed a titan
 70725 | Vaults:5 | Killed a titan
 70725 | Vaults:5 | Received a gift from Okawaru
 70730 | Vaults:5 | Killed a tengu reaver
 70822 | Vaults:5 | Killed an ironheart preserver
 70889 | Vaults:5 | Learned a level 2 spell: Blink
 70974 | Vaults:5 | Noticed an orc warlord
 70985 | Vaults:5 | Killed an orc warlord
 71001 | Vaults:5 | Got a silver rune of Zot
 71038 | Vaults:5 | Killed a storm dragon
 71636 | Orc:2    | Bought a wand of polymorph (8) for 44 gold pieces
 71636 | Orc:2    | Bought a wand of polymorph (5) for 44 gold pieces
 71646 | Orc:2    | Bought a wand of acid (9) for 338 gold pieces
 71646 | Orc:2    | Bought a phantom mirror for 390 gold pieces
 71810 | D:15     | Bought a potion of might for 68 gold pieces
 71810 | D:15     | Bought a potion of might for 68 gold pieces
 71810 | D:15     | Bought a potion of ambrosia for 136 gold pieces
 71935 | Depths:2 | Bought a wand of scattershot (4) for 384 gold pieces
 71935 | Depths:2 | Bought a wand of paralysis (9) for 176 gold pieces
 71979 | Depths:1 | Identified the +1 flail of Eklusaf {god gift, vamp, rElec
                  | Dex+4} (Okawaru gifted it to you on level 1 of the Depths)
 72255 | Zot:1    | Entered Level 1 of the Realm of Zot
 72255 | Zot:1    | Noticed a tentacled monstrosity
 72265 | Zot:1    | Killed a tentacled monstrosity
 72288 | Zot:2    | Noticed a quicksilver dragon
 72303 | Zot:1    | Killed a quicksilver dragon
 72358 | Zot:2    | Noticed a purple draconian scorcher
 72361 | Zot:2    | Noticed a tentacled monstrosity
 72394 | Zot:1    | Killed a tentacled monstrosity
 72400 | Depths:5 | Received a gift from Okawaru
 72401 | Depths:5 | Identified the +1 crystal plate armour of Okawaru's
                  | Benevolence {god gift, rN+} (Okawaru gifted it to you on
                  | level 5 of the Depths)
 72681 | Temple   | Fell from the grace of Okawaru
 72681 | Temple   | Became a worshipper of Hepliaklqana the Forgotten
 72689 | Temple   | Fell from the grace of Hepliaklqana
 72689 | Temple   | Became a worshipper of Warmaster Okawaru
 72981 | Zot:1    | Killed a purple draconian scorcher
 73080 | Zot:1    | Noticed a green draconian stormcaller
 73080 | Zot:1    | Noticed a red draconian scorcher
 73080 | Zot:1    | Noticed a red draconian scorcher
 73080 | Zot:1    | Noticed a golden dragon
 73080 | Zot:1    | Noticed a red draconian scorcher
 73080 | Zot:1    | Noticed a tentacled monstrosity
 73080 | Zot:1    | Noticed a death cob
 73120 | Zot:2    | You fall into a shaft and drop 2 floors!
 73124 | Zot:4    | Noticed a tentacled monstrosity
 73133 | Zot:4    | Noticed a death cob
 73136 | Zot:4    | Killed a tentacled monstrosity
 73140 | Zot:4    | Killed a death cob
 73178 | Zot:4    | Noticed a purple draconian shifter
 73178 | Zot:4    | Noticed a tentacled monstrosity
 73183 | Zot:4    | Noticed a yellow draconian scorcher
 73183 | Zot:4    | Noticed a yellow draconian stormcaller
 73187 | Zot:4    | Noticed a white draconian knight
 73190 | Zot:4    | Killed a tentacled monstrosity
 73192 | Zot:4    | Noticed a quicksilver dragon
 73197 | Zot:4    | Killed a yellow draconian scorcher
 73198 | Zot:4    | Killed a yellow draconian stormcaller
 73200 | Zot:4    | Killed a purple draconian shifter
 73215 | Zot:4    | Killed a white draconian knight
 73221 | Zot:4    | Killed a quicksilver dragon
 73228 | Zot:4    | Noticed a red draconian scorcher
 73296 | Zot:4    | Killed a red draconian scorcher
 73298 | Zot:4    | Noticed a green draconian stormcaller
 73306 | Zot:4    | Killed a green draconian stormcaller
 73311 | Zot:4    | Noticed a yellow draconian shifter
 73312 | Zot:4    | Noticed a golden dragon
 73333 | Zot:4    | Killed a golden dragon
 73336 | Zot:4    | Killed a yellow draconian shifter
 73430 | Zot:3    | Noticed a Killer Klown
 73430 | Zot:3    | Noticed a curse toe
 73430 | Zot:3    | Noticed a death cob
 73430 | Zot:3    | Noticed a green draconian monk
 73462 | Zot:3    | Noticed an electric golem
 73472 | Zot:3    | Killed an electric golem
 73474 | Zot:3    | Noticed a quicksilver dragon
 73479 | Zot:3    | Killed a death cob
 73635 | Zot:3    | Noticed a curse toe
 73640 | Zot:4    | Killed a quicksilver dragon
 73836 | Zot:4    | Noticed a golden dragon
 73843 | Zot:4    | Killed a golden dragon
 73843 | Zot:4    | Received a gift from Okawaru
 73844 | Zot:4    | Got a pair of dazzling gloves {god gift}
 73845 | Zot:4    | Identified the +2 pair of gloves "Xiaj" {god gift, +Fly rF-
                  | Str+4 SInv} (Okawaru gifted it to you on level 4 of the
                  | Realm of Zot)
 74032 | Zot:3    | Killed a curse toe
 74042 | Zot:3    | Noticed a ghost moth
 74045 | Zot:3    | Noticed an orb of fire
 74059 | Zot:3    | Noticed a purple draconian knight
 74062 | Zot:3    | Killed an orb of fire
 74063 | Zot:3    | Killed a ghost moth
 74069 | Zot:3    | Noticed a storm dragon
 74254 | Zot:2    | Noticed a storm dragon
 74575 | Temple   | Fell from the grace of Okawaru
 74575 | Temple   | Became a worshipper of Hepliaklqana the Forgotten
 74583 | Temple   | Fell from the grace of Hepliaklqana
 74583 | Temple   | Became a worshipper of Warmaster Okawaru
 74886 | Zot:2    | Killed a storm dragon
 75091 | Zot:2    | Killed a purple draconian knight
 75332 | Zot:3    | Killed a storm dragon
 75346 | Zot:3    | Noticed a storm dragon
 75359 | Zot:3    | Killed a storm dragon
 75388 | Zot:3    | Noticed a death cob
 75388 | Zot:3    | Noticed a Killer Klown
 75483 | Zot:4    | Noticed a tentacled monstrosity
 75484 | Zot:4    | Noticed a quicksilver dragon
 75493 | Zot:4    | Killed a tentacled monstrosity
 75497 | Zot:4    | Killed a quicksilver dragon
 75498 | Zot:4    | Noticed a golden dragon
 75578 | Zot:3    | Noticed a white draconian knight
 75579 | Zot:3    | Noticed a black draconian stormcaller
 75582 | Zot:3    | Noticed a green draconian monk
 75582 | Zot:3    | Noticed a death cob
 75582 | Zot:3    | Noticed a black draconian shifter
 75591 | Zot:2    | Killed a death cob
 75853 | Zot:3    | Killed a black draconian stormcaller
 75857 | Zot:3    | Killed a white draconian knight
 75862 | Zot:3    | Noticed a green draconian monk
 75867 | Zot:3    | Killed a green draconian monk
 75875 | Zot:3    | Killed a green draconian monk
 75881 | Zot:3    | Received a gift from Okawaru
 75882 | Zot:3    | Identified the +2 chain mail of Qushilys {god gift, Dex+4}
                  | (Okawaru gifted it to you on level 3 of the Realm of Zot)
 76013 | Zot:3    | Killed a black draconian shifter
 76030 | Zot:3    | Killed a Killer Klown
 76083 | Zot:4    | Killed a golden dragon
 76168 | Zot:4    | Noticed a death cob
 76178 | Zot:4    | Killed a death cob
 76274 | Zot:5    | Entered Level 5 of the Realm of Zot
 76356 | Zot:5    | Noticed a golden dragon
 76365 | Zot:5    | Killed a golden dragon
 76463 | Zot:5    | Noticed a death cob
 76475 | Zot:5    | Killed a death cob
 76740 | Zot:5    | Noticed an Orb Guardian
 76740 | Zot:5    | Noticed an Orb Guardian
 76750 | Zot:5    | Killed an Orb Guardian
 76755 | Zot:5    | Killed an Orb Guardian
 76755 | Zot:5    | Received a gift from Okawaru
 76756 | Zot:5    | Got a spiked chain mail {god gift}
 76757 | Zot:5    | Identified the +3 chain mail of Satisfaction {god gift,
                  | rElec rC+} (Okawaru gifted it to you on level 5 of the
                  | Realm of Zot)
 77164 | Temple   | Fell from the grace of Okawaru
 77164 | Temple   | Became a worshipper of Hepliaklqana the Forgotten
 77172 | Temple   | Fell from the grace of Hepliaklqana
 77172 | Temple   | Became a worshipper of Warmaster Okawaru
 77569 | Zot:5    | Noticed an Orb Guardian
 77580 | Zot:5    | Killed an Orb Guardian
 77693 | Zot:5    | Noticed an Orb Guardian
 77693 | Zot:5    | Noticed an Orb Guardian
 77710 | Zot:5    | Killed an Orb Guardian
 77714 | Zot:5    | Killed an Orb Guardian
 77726 | Zot:5    | Noticed an Orb Guardian
 77726 | Zot:5    | Noticed an Orb Guardian
 77744 | Zot:5    | Killed an Orb Guardian
 77750 | Zot:5    | Killed an Orb Guardian
 78025 | Zot:5    | Noticed a black draconian shifter
 78027 | Zot:5    | Noticed a black draconian shifter
 78041 | Zot:5    | Noticed a white draconian annihilator
 78041 | Zot:5    | Noticed an Orb Guardian
 78050 | Zot:5    | Killed an Orb Guardian
 78056 | Zot:5    | Killed a black draconian shifter
 78056 | Zot:5    | Killed a white draconian annihilator
 78407 | Zot:5    | Noticed an orb of fire
 78408 | Zot:5    | Noticed a white draconian annihilator
 78420 | Zot:5    | Gained mutation: Your body sometimes deteriorates upon
                  | taking damage. [an orb of fire]
 78428 | Zot:5    | Killed an orb of fire
 78433 | Zot:5    | Killed a white draconian annihilator
 78606 | Zot:5    | Noticed an Orb Guardian
 78609 | Zot:5    | Noticed an Orb Guardian
 78618 | Zot:5    | Killed an Orb Guardian
 78623 | Zot:5    | Killed an Orb Guardian
 78623 | Zot:5    | Received a gift from Okawaru
 78648 | Zot:5    | Noticed a Killer Klown
 78663 | Zot:5    | Killed a Killer Klown
 78666 | Zot:5    | Noticed an electric golem
 78675 | Zot:5    | Noticed an orb of fire
 78694 | Zot:5    | Killed an orb of fire
 78702 | Zot:5    | Killed an electric golem
 78702 | Zot:5    | Received a gift from Okawaru
 78703 | Zot:5    | Got a spiked chain mail {god gift}
 78733 | Zot:5    | Identified the +0 chain mail of Youthful Indiscretion {god
                  | gift, *Slow rN+ Str+4} (Okawaru gifted it to you on level 5
                  | of the Realm of Zot)
 78799 | Zot:3    | Noticed a storm dragon
 79144 | Temple   | Fell from the grace of Okawaru
 79144 | Temple   | Became a worshipper of Hepliaklqana the Forgotten
 79154 | Temple   | Fell from the grace of Hepliaklqana
 79154 | Temple   | Became a worshipper of Warmaster Okawaru
 79487 | Zot:3    | Killed a storm dragon
 79673 | Zot:5    | Noticed an orb of fire
 79675 | Zot:5    | Gained mutation: You are clumsy. (Dex -2) [an orb of fire]
 79686 | Zot:5    | Killed an orb of fire
 79693 | Zot:5    | Noticed an orb of fire
 79704 | Zot:5    | Noticed an orb of fire
 79709 | Zot:5    | Killed an orb of fire
 79709 | Zot:5    | Received a gift from Okawaru
 79716 | Zot:5    | Killed an orb of fire
 79768 | Zot:5    | Noticed an orb of fire
 79782 | Zot:5    | Killed an orb of fire
 79824 | Zot:5    | Noticed a tentacled monstrosity
 79832 | Zot:5    | Killed a tentacled monstrosity
 79836 | Zot:5    | Noticed an Orb Guardian
 79845 | Zot:5    | Killed an Orb Guardian
 79845 | Zot:5    | Received a gift from Okawaru
 79846 | Zot:5    | Got a polished morningstar {god gift}
 79847 | Zot:5    | Identified the +6 morningstar of Grace {god gift, crush,
                  | rN+ Dex+2 Stlth+} (Okawaru gifted it to you on level 5 of
                  | the Realm of Zot)
 79848 | Zot:5    | Noticed an Orb Guardian
 79860 | Zot:5    | Killed an Orb Guardian
 79927 | Zot:5    | Noticed an Orb Guardian
 79940 | Zot:5    | Killed an Orb Guardian
 79947 | Zot:5    | Noticed an Orb Guardian
 79947 | Zot:5    | Noticed an Orb Guardian
 79957 | Zot:5    | Killed an Orb Guardian
 79957 | Zot:5    | Received a gift from Okawaru
 79958 | Zot:5    | Identified the +7 ring mail of Okawaru's Fury {god gift,
                  | rElec Str-3 Slay+5} (Okawaru gifted it to you on level 5 of
                  | the Realm of Zot)
 80006 | Zot:5    | Killed an Orb Guardian
 80134 | Zot:5    | Killed a black draconian shifter
 80372 | Zot:5    | Noticed an Orb Guardian
 80372 | Zot:5    | Noticed an Orb Guardian
 80387 | Zot:5    | Killed an Orb Guardian
 80388 | Zot:5    | Noticed an Orb Guardian
 80401 | Zot:5    | Killed an Orb Guardian
 80528 | Zot:3    | Killed a green draconian monk
 80856 | Temple   | Fell from the grace of Okawaru
 80856 | Temple   | Became a worshipper of Hepliaklqana the Forgotten
 80866 | Temple   | Fell from the grace of Hepliaklqana
 80866 | Temple   | Became a worshipper of Warmaster Okawaru
 81183 | Zot:2    | Noticed an electric golem
 81184 | Zot:2    | Noticed an electric golem
 81195 | Zot:3    | Noticed a quicksilver dragon
 81209 | Zot:2    | Killed a quicksilver dragon
 81426 | Zot:5    | Noticed an Orb Guardian
 81427 | Zot:5    | Noticed an Orb Guardian
 81448 | Zot:5    | Killed an Orb Guardian
 81457 | Zot:5    | Killed an Orb Guardian
 81616 | Zot:5    | Killed an Orb Guardian
 81632 | Zot:5    | Noticed an Orb Guardian
 81632 | Zot:5    | Noticed an Orb Guardian
 81645 | Zot:5    | Killed an Orb Guardian
 81650 | Zot:5    | Killed an Orb Guardian
 81678 | Zot:5    | Lost mutation: Your body sometimes deteriorates upon taking
                  | damage. [potion of mutation]
 81678 | Zot:5    | Gained mutation: You are very clumsy. (Dex -4) [potion of
                  | mutation]
 81678 | Zot:5    | Gained mutation: Your spells are a little easier to cast,
                  | but a little less powerful. [potion of mutation]
 81678 | Zot:5    | Gained mutation: You passively map a small area around you.
                  | [potion of mutation]
 81679 | Zot:5    | Lost mutation: You passively map a small area around you.
                  | [potion of mutation]
 81679 | Zot:5    | Lost mutation: Your spells are a little easier to cast, but
                  | a little less powerful. [potion of mutation]
 81679 | Zot:5    | Lost mutation: You are very clumsy. (Dex -4) [potion of
                  | mutation]
 81679 | Zot:5    | Gained mutation: Your muscles are strong. (Str +2) [potion
                  | of mutation]
 81679 | Zot:5    | Gained mutation: You are partially covered in rugged brown
                  | scales. (AC +1, +3% HP) [potion of mutation]
 81690 | Zot:5    | Got the Orb of Zot
 81844 | Zot:2    | Noticed Unot Cio the pandemonium lord
 81862 | Zot:2    | Killed Unot Cio the pandemonium lord
 81862 | Zot:2    | Received a gift from Okawaru
 81979 | Depths:2 | Noticed an Executioner
 81984 | Depths:2 | Noticed a balrug
 82044 | D:14     | Noticed a profane servitor
 82056 | D:14     | Killed a profane servitor
 82111 | D:10     | Noticed an Orb Guardian
 82184 | D:4      | Noticed a reaper
 82209 | D:2      | Noticed a balrug
 82272 | D:$      | Escaped with the Orb!

Levels and vault maps discovered:
D:1:      dpeg_arrival_chase, layout_rooms
D:2:      layout_loops_ring, gammafunk_temple_overflow_arena,
          dancing_weapons_uskayaw, minivault_19, lemuel_old_faithful
D:3:      layout_basic, grunt_dithmenos_smoke, ashenzari_conservatory_becter,
          first_ration, uniq_natasha
D:4:      layout_rooms, serial_undead, serial_undead_f, serial_undead_a,
          serial_undead_b, serial_undead_e, serial_undead_c, serial_undead_d,
          serial_undead_c, serial_undead_e, ebering_ghost_rock_garden,
          minmay_misc_feat_roman
D:5:      layout_loops_cross, old_standard_altar
D:6:      layout_basic, lemuel_crystal_altar, minmay_temple_entry_sparse_star,
          uniq_duvessa, uniq_grinder
D:7:      layout_cave_pools, serial_shops, kennysheep_little_box,
          minmay_shattered_shrine
D:8:      layout_loops_ring, chequers_big_river, uniq_grum
D:9:      layout_grid_maze
D:10:     layout_loops_corners, dpeg_lair_monsters, serial_shops, shop,
          special_room [special_room_orc]
D:11:     layout_rooms
D:12:     layout_roguey, zombieorc1_lemuel, hangedman_stone_soup
D:13:     layout_small_grid
D:14:     layout_loops_ring, david_vaults_4, wad_floor_pattern_untrapped,
          uniq_roxanne, uniq_louise
D:15:     grunt_enter_depths_magical_seal, layout_basic,
          gammafunk_ghost_hydra_chop, serial_shops, shop,
          gauntlet_entry_generic, uniq_kirke
Temple:   nicolae_temple_elliptical
Lair:1:   layout_regular_city, serial_bayou_lake_a, grunt_megastairs_4
Lair:2:   layout_gridlike, minmay_snake_entry_guardpost_small,
          chequers_serial_rivers_marsh
Lair:3:   layout_gridlike, serial_forest, infiniplex_forest_pool,
          infiniplex_forest_clump_double, infiniplex_forest_corner_2,
          infiniplex_forest_end_1, infiniplex_forest_3_way,
          infiniplex_forest_clump_small, infiniplex_forest_straight_1,
          infiniplex_forest_fountain, lemuel_fruit_tree, lemuel_fruit_fields,
          grunt_megastairs_3
Lair:4:   layout_regular_city, minmay_swamp_entry_swarm, grunt_megastairs_5
Lair:5:   layout_gridlike, slime_altar_1, gammafunk_ghost_hive,
          serial_bayou_pond_a
Lair:6:   guppyfry_lair_end_dragon, layout_regular_city,
          hangedman_lair_in_review, portal_ice_cave_entry_pillars_2,
          lemuel_altar_in_water2, serial_bayou_shore_b
Swamp:1:  layout_basic_swamp, evilmike_swamp_ruin_rubble_1, swamp_pool4,
          hangedman_swamp_lotus
Swamp:2:  layout_basic_swamp, nicolae_swamp_round_clearing, swamp_pool3,
          roderic_carrion_pond
Swamp:3:  layout_basic_swamp, evilmike_swamp_ruin_house_6, swamp_pool2
Swamp:4:  grunt_swamp_rune_castle, layout_basic_swamp,
          ebering_ghost_disaster_area
Snake:1:  layout_honeycomb, uniq_frances, uniq_azrael
Snake:2:  layout_grid_maze, nicolae_snake_springs, uniq_asterion, uniq_donald,
          uniq_aizul
Snake:3:  layout_onion_interference
Snake:4:  snake_pit, layout_onion, serial_shops, nicolae_shop_waterfront,
          serial_bayou_shore_b
Orc:1:    layout_caves
Orc:2:    st_orc_elflike, layout_diamond_mine, serial_shops, shop_coins,
          nicolae_orc_lost_temple, uniq_saint_roka
Vaults:1: v_misc_19, v_misc_4, vaults_room_large_hall, serial_ice_m,
          vaults_room_grunt_arrival_ludios, nicolae_vaults_what_the_h,
          layout_vaults_quadrants, serial_shops, shop
Vaults:2: ebering_vaults_ghost_xom, vaults_room_boxed, grunt_vaults_bifocal,
          ontoclasm_vaults_shuriken, special_room_vaults [special_room_orc],
          v_misc_1, v_pattern_5, ontoclasm_vaults_ligature,
          nicolae_vaults_rhombus_6, nicolae_vaults_alarming,
          ontoclasm_vaults_ring_large, v_alt_pattern_4, vaults_dpeg_diagonal,
          dpeg_vaults_monster_box, vaults_room_pools, layout_vaults_omnibox,
          serial_shops, shop, nicolae_shop_crystal, nicolae_shop_behind_doors,
          uniq_boris
Vaults:3: minmay_crypt_entry_simple_corners, grunt_vaults_funnel, v_misc_18,
          nicolae_vaults_murderbox, vaults_mumra_minichess_inversion,
          v_alt_pattern_2, v_misc_2, v_misc_9, serial_ice_m,
          nicolae_vaults_specimen_jars, layout_vaults_big_room
Vaults:4: hangedman_vaults_variations, v_misc_10, hangedman_vaults_stagger,
          nicolae_vaults_network_quinsquares
          [nicolae_vaults_network_quincunx_subvault,
          nicolae_vaults_network_quincunx_subvault,
          nicolae_vaults_network_quincunx_subvault,
          nicolae_vaults_network_quincunx_subvault], vaults_room_large_hall,
          hangedman_vaults_stitches, ontoclasm_vaults_ring_small,
          ontoclasm_vaults_tryst, vaults_mumra_lcd,
          nicolae_vaults_mini_display_case, v_misc_24, layout_vaults_omnicross
Vaults:5: serial_shops
Depths:1: layout_roguey, grunt_hell_entry_dis_grunt, enter_trove_0,
          hangedman_abyss_or_decor_lesser_grid, minmay_misc_feat_square,
          minmay_acid_items
Depths:2: lemuel_flame_loot_2, layout_cave_pools, grunt_mini_vestibule,
          serial_shops, shop, minmay_misc_feat_ornament,
          minmay_staircase_windowed_small, minmay_shop_star,
          serial_bayou_shore_a
Depths:3: evilmike_lava_path, layout_gridlike, hangedman_abyss_entry_splay,
          hangedman_coc_ice_floe, pan_entry, infiniplex_staircase_pool_lava,
          special_room [special_room_mythical_zoo], serial_bayou_shore_b
Depths:4: spriggan_forest, abyss_entry, hell_entry
Depths:5: evilmike_zot_entry_diamond, layout_cross, hell_entry,
          kennysheep_crisscross, minmay_the_grid_2x2 [minmay_the_grid_expand,
          minmay_the_grid_minigrid_medium, minmay_the_grid_minigrid_small,
          minmay_the_grid_prize_four_corners], grunt_megastairs_2
Zot:1:    lemuel_draconian_sentries_small, layout_basic
Zot:2:    minmay_elemental_castle, layout_onion, lemuel_golem_globe
Zot:3:    layout_onion, zot_minivault_8
Zot:4:    layout_basic, gammafunk_ghost_mausoleum
Zot:5:    layout_cathedral_of_symmetry

Skill      XL: |  1  2  3  4  5  6  7  8  9 10 11 12 13 14 |
---------------+-------------------------------------------+-----
Fighting       | 4 6 7 9 12 14 16 18 | 18.4
Armour         | 4 5 6 11 13 14 | 14.7
Shields        | 4 5 7 10 | 10.5
Maces & Flails | 3 4 6 8 10 12 | 12.0
Dodging        | 1 3 |  3.5
Invocations    | 2 3 6 8 |  8.0
Evocations     | 2 6 |  6.6

Action                   |  1- 3 |  4- 6 |  7- 9 | 10-12 | 13-15 || total
-------------------------+-------+-------+-------+-------+-------++-------
Melee: Flail             |    50 |    40 |       |       |    77 ||   167
       Headbutt          |     6 |    28 |    51 |   196 |  1856 ||  2137
       Whip              |       |   126 |   252 |   743 |  1575 ||  2696
       Demon whip        |       |       |       |       |  5087 ||  5087
       Unarmed           |       |       |       |       |     1 ||     1
Throw: Javelin           |     4 |     5 |     6 |    18 |     9 ||    42
       Dart              |       |       |       |    12 |   130 ||   142
Invok: Heroism           |       |       |     1 |     6 |   204 ||   211
       Finesse           |       |       |       |       |    28 ||    28
 Abil: Evoke Invisibilit |       |       |       |     1 |    30 ||    31
       Evoke Flight      |       |       |       |       |     2 ||     2
Evoke: Wand              |       |       |    14 |    14 |   214 ||   242
       Lamp of fire      |       |       |       |       |     8 ||     8
       Phial of floods   |       |       |       |       |     5 ||     5
       Phantom mirror    |       |       |       |       |     1 ||     1
  Use: Scroll            |       |       |       |       |    96 ||    96
       Potion            |       |       |       |       |    54 ||    54
 Stab: Distracted        |       |       |       |     1 |     2 ||     3
       Invisible         |       |       |       |     4 |   117 ||   121
       Paralysed         |       |       |       |       |    45 ||    45
       Confused          |       |       |       |       |     1 ||     1
  Eat: Chunk             |       |     6 |    11 |    21 |   135 ||   173
       Ration            |       |       |       |     1 |    26 ||    27
Armor: Scale mail        |    17 |    10 |       |       |       ||    27
       Chain mail        |       |    31 |    50 |    89 |       ||   170
       Plate armour      |       |       |       |    28 |  1266 ||  1294
       Gold dragon scale |       |       |       |       |   722 ||   722
Dodge: Dodged            |    13 |    33 |    35 |    46 |   698 ||   825
Block: Shield            |    23 |    58 |    52 |       |       ||   133
       Large shield      |       |       |    64 |   426 |  4231 ||  4721
       Reflection        |       |       |       |    22 |    62 ||    84
